[Event "Late-Titled-Tuesday-Blitz-September-26-2023"]
[Site "Chess.com"]
[Date "2023.09.26"]
[Round "1"]
[White "rasmussvane"]
[Black "kacprekt"]
[Result "1-0"]
[WhiteElo "2982"]
[BlackElo "2492"]
[TimeControl "180+1"]
[EndTime "14:06:52 PDT"]
[Termination "rasmussvane won by resignation"]

1. Nf3 g6 2. e4 Bg7 3. d4 d6 4. Bd3 Nf6 5. O-O O-O 6. c3 Nc6 7. h3 e5 8. Re1 Re8 9. Nbd2 Nh5 10. Nb3 Nf4 11. Bxf4 exf4 12. Qd2 Qf6 13. Bb5 a6 14. Bxc6 bxc6 15. e5 dxe5 16. dxe5 Qf5 17. Nbd4 Qh5 18.
Qxf4 c5 19. Nb3 Bb7 20. Nxc5 Bxf3 21. Qxf3 Qxf3 22. gxf3 Rxe5 23. Rxe5 Bxe5 24. Re1 Bd6 25. Ne4 Bf4 26. Rd1 Rb8 27. b3 f5 28. Nc5 Rb5 29. Nxa6 Ra5 30. Nb4 c5 31. Nd5 Be5 32. Re1 Bg7 33.
Re2 Kf7 34. c4 Bd4 35. Kg2 h6 36. f4 g5 37. Kf3 Ra8 38. Re7+ Kg6 39. a4 Rb8 40.
Re6+ Kh5 41. Rb6 Re8 42. Nf6+ Bxf6 43. Rxf6 Rb8 44. Rxf5 Rxb3+ 45. Kg2 Rb4 46. Rxc5 Rxa4 47. fxg5 hxg5 48. Kg3 Ra3+ 49. f3 Rc3 50. h4 Kh6 51.
hxg5+ Kh5 52. Kf4 Rc1 53. Rc6 1-0

[Event "Late-Titled-Tuesday-Blitz-September-26-2023"]
[Site "Chess.com"]
[Date "2023.09.26"]
[Round "1"]
[White "Babbelbox"]
[Black "WiseKing_08"]
[Result "1-0"]
[WhiteElo "2657"]
[BlackElo "2354"]
[TimeControl "180+1"]
[EndTime "14:06:52 PDT"]
[Termination "Babbelbox won by resignation"]

1. d4 d5 2. c4 c6 3. Nf3 Nf6 4. g3 Bf5 5. Nc3 e6 6. Qb3 Qb6 7. c5 Qxb3 8. axb3 Na6 9. Bg2 Nb4 10. O-O Be7 11. Bf4 O-O 12. Ra4 Na6 13. Ne5 Nh5 14. Nxc6 bxc6 15. Rxa6 Nxf4 16. gxf4 Rfc8 17. b4 Bf6 18.
Rd1 Rab8 19. b5 cxb5 20. Rxa7 b4 21. Na4 Bc2 22. Rd2 Ra8 23. Rxa8 Rxa8 24. Rxc2 Rxa4 25. e3 Kf8 26. Bf1 Ke7 27. Kg2 Kd8 28. Kf3 Kc7 29. Bb5 Ra2 30. Be8 b3 31. Rd2 Bh4 32.
Bxf7 Kd7 33. f5 exf5 34. Bxd5 g5 35. Bxb3 Ra1 36. Bg8 g4+ 37. Kg2 h5 38. Bf7 Bg5 39.
Bxh5 f4 40. Bxg4+ Kc6 41. Bf3+ Kd7 42. e4 1-0

[Event "Late-Titled-Tuesday-Blitz-September-26-2023"]
[Site "Chess.com"]
[Date "2023.09.26"]
[Round "1"]
[White "Ermito2020"]
[Black "ferdipy"]
[Result "1-0"]
[WhiteElo "2620"]
[BlackElo "2312"]
[TimeControl "180+1"]
[EndTime "14:06:52 PDT"]
[Termination "Ermito2020 won by resignation"]

1. e4 e6 2. d4 d5 3. e5 c5 4. c3 Nc6 5. Nf3 Qb6 6. Be2 Nh6 7.
Bxh6 Qxb2 8. Be3 Qxa1 9. Qc2 cxd4 10.
Nxd4 Bc5 11. Nb3 Nb4 12. Nxa1 Nxc2+ 13. Nxc2 Bxe3 14. Nxe3 Bd7 15. Nd2 Rc8 16. c4 dxc4 17. Ndxc4 Ke7 18. O-O f6 19. Rb1 Bc6 20. f4 Rhd8 21.
Kf2 Rd4 22. g3 b6 23. Nd6 Rd8 24. Rc1 Ba8 25. Rc7+ Rd7 26. Rc8 Rd8 27. Rxd8 Kxd8 28. Ke1 h6 29. Bc4 Kd7 30. Ke2 fxe5 31. fxe5 Bd5 32.
Bxd5 exd5 33. Nef5 Ra4 34. Nxg7 Rxa2+ 35. Kf3 Rxh2 36.
Ndf5 a5 37. e6+ Kc7 38. e7 1-0

[Event "Late-Titled-Tuesday-Blitz-September-26-2023"]
[Site "Chess.com"]
[Date "2023.09.26"]
[Round "1"]
[White "vanyakuba"]
[Black "QuintilianoR"]
[Result "1/2-1/2"]
[WhiteElo "2382"]
[BlackElo "2663"]
[TimeControl "180+1"]
[EndTime "14:06:55 PDT"]
[Termination "Game drawn by repetition"]

1. e4 c5 2. c3 d5 3. exd5 Nf6 4. d4 Nxd5 5. Bb5+ Bd7 6. Bxd7+ Nxd7 7. Nf3 e6 8. O-O cxd4 9. Nxd4 Be7 10. c4 N5f6 11.
b3 O-O 12. Bb2 a6 13. Qe2 Qc7 14. Nc3 Bd6 15. h3 Rfe8 16. Rad1 Rad8 17. Ndb5 axb5 18.
Nxb5 Bh2+ 19. Kh1 Qb8 20. g3 Bxg3 21. fxg3 Qxg3 22. Rf3 Qh4 23. Rg1 e5 24. Nd6 e4 25.
Nxe8 exf3 26. Nxf6+ Nxf6 27. Qxf3 Kf8 28. Ba3+ Kg8 29. Bb2 Kf8 30. Ba3+ Kg8 31. Bb2 1/2-1/2

[Event "Late-Titled-Tuesday-Blitz-September-26-2023"]
[Site "Chess.com"]
[Date "2023.09.26"]
[Round "1"]
[White "gordonzyxu"]
[Black "BigAl"]
[Result "0-1"]
[WhiteElo "2158"]
[BlackElo "2559"]
[TimeControl "180+1"]
[EndTime "14:06:55 PDT"]
[Termination "BigAl won by resignation"]

1. e4 c6 2. d4 d5 3. e5 Bf5 4. h4 c5 5. g4 Bd7 6. dxc5 Nc6 7. f4 e6 8. Be3 h5 9. c3 hxg4 10. Qxg4 Nh6 11. Qg5 Qc7 12. Bd3 Ne7 13. Bf2 Nef5 14. b4 a5 15. Nd2 axb4 16. cxb4 Be7 17. Qg2 Ra3 18. Bc2 b6 19. Nb3 Qa7 20. Ne2 bxc5 21. bxc5 Bb5 22. Ned4 Bc4 23. Nxf5 Nxf5 24. Bxf5 exf5 25.
Qxg7 Rf8 26. c6 Bb4+ 27. Kd1 Bxb3+ 28. Ke2 Bc4+ 29. Kd1 Qxf2 0-1

[Event "Late-Titled-Tuesday-Blitz-September-26-2023"]
[Site "Chess.com"]
[Date "2023.09.26"]
[Round "1"]
[White "Colombiano07"]
[Black "Dhaydon19"]
[Result "0-1"]
[WhiteElo "2412"]
[BlackElo "2742"]
[TimeControl "180+1"]
[EndTime "14:06:59 PDT"]
[Termination "Dhaydon19 won by resignation"]

1. d4 c6 2. c4 d5 3. Nf3 Nf6 4.
Nc3 e6 5. e3 Bd6 6. g4 Ne4 7.
Qc2 Nxc3 8. bxc3 Nd7 9. Bd3 h6 10. h4 e5 11. cxd5 cxd5 12. Bb5 e4 13. Ne5 a6 14. Bxd7+ Bxd7 15. Nxd7 Qxd7 16. Rg1 Rc8 17. Qb3 Rc4 18. Ba3 Bxa3 19. Qxa3 Qc6 20. Rc1 b5 21. Kd2 Kd7 22. Rg3 Rc8 23. f3 b4 24. Qb3 bxc3+ 25. Kc2 Qe6 26. Rf1 f6 27. g5 hxg5 28. hxg5 f5 29.
Rh3 Ke7 30. Rh7 Kf7 31. f4 R4c6 32. Qb7+ R8c7 33. Qb8 Rc8 34. Qb7+ R6c7 35. Qb4 Qc6 36. Rfh1 Rb7 37. g6+ Kf6 38. Qa3 Rb2+ 39. Kc1 Qb6 40.
Rxg7 Rb1+ 41. Kc2 Qb2+ 42. Qxb2 Rxb2+ 43. Kc1 Kxg7 0-1

[Event "Late-Titled-Tuesday-Blitz-September-26-2023"]
[Site "Chess.com"]
[Date "2023.09.26"]
[Round "1"]
[White "AleksanderHnydiuk"]
[Black "canary2016"]
[Result "1-0"]
[WhiteElo "2551"]
[BlackElo "2140"]
[TimeControl "180+1"]
[EndTime "14:06:59 PDT"]
[Termination "AleksanderHnydiuk won by checkmate"]

1. d4 Nf6 2. Nf3 d5 3. c4 e6 4. g3 Bb4+ 5. Bd2 Qe7 6. Bg2 O-O 7.
O-O b6 8. Bg5 h6 9. Bxf6 Qxf6 10.
Ne5 Bb7 11. cxd5 exd5 12. Qb3 Bd6 13. Bxd5 c6 14. Bf3 Bxe5 15. dxe5 Qxe5 16. Rd1 Na6 17. Na3 Nc5 18. Qc2 Rad8 19. Nc4 Qf6 20. Rxd8 Rxd8 21. Rd1 Rd4 22. b3 Qd8 23. Rxd4 Qxd4 24. Kg2 Ne6 25.
Qf5 Ng5 26. Ne5 Nxf3 27. Qxf7+ Kh7 28. Qf5+ Kh8 29. Ng6+ Kg8 30. Ne7+ Kh8 31. Qf8+ Kh7 32. Qg8# 1-0

[Event "Late-Titled-Tuesday-Blitz-September-26-2023"]
[Site "Chess.com"]
[Date "2023.09.26"]
[Round "1"]
[White "dcremisi"]
[Black "cthake"]
[Result "1-0"]
[WhiteElo "2508"]
[BlackElo "1893"]
[TimeControl "180+1"]
[EndTime "14:06:59 PDT"]
[Termination "dcremisi won by resignation"]

1. d4 Nf6 2. c4 e6 3. Nf3 b6 4.
Nc3 Bb7 5. g3 Bb4 6. Bg2 O-O 7.
O-O d5 8. cxd5 exd5 9. Bg5 h6 10. Bxf6 Qxf6 11. Qb3 Bxc3 12. Qxc3 Qd6 13. Rac1 c6 14. Ne5 Rc8 15. e4 Nd7 16. exd5 cxd5 17. Qe3 Rxc1 18. Rxc1 Re8 19. f4 f6 20. Qa3 Qxa3 21.
bxa3 fxe5 22. Rc7 Bc8 23. Bxd5+ Kh8 24. dxe5 Nc5 25. Rxa7 Bf5 26. a4 Bc2 27. a5 Rb8 28. Rc7 Be4 29. Bxe4 Nxe4 30. a6 Ra8 31. a7 Nc5 32. f5 Kg8 33. e6 Kf8 34. Kg2 Nd3 35. Rb7 Nc5 36. Rb8+ Rxb8 37. axb8=Q+ Ke7 38. Qc7+ Kf6 39. Qf7+ Ke5 40. e7 1-0

[Event "Late-Titled-Tuesday-Blitz-September-26-2023"]
[Site "Chess.com"]
[Date "2023.09.26"]
[Round "1"]
[White "Sacbutt"]
[Black "GoltsevDmitry2000"]
[Result "0-1"]
[WhiteElo "2280"]
[BlackElo "2601"]
[TimeControl "180+1"]
[EndTime "14:07:02 PDT"]
[Termination "GoltsevDmitry2000 won by resignation"]

1. d4 Nf6 2. c4 e6 3. Nf3 Bb4+ 4. Bd2 Qe7 5. g3 b6 6. Bg2 Bb7 7. O-O O-O 8. a3 Bxd2 9. Nbxd2 d6 10. Qc2 Nbd7 11. e4 e5 12. d5 a5 13. Ne1 Nc5 14. Nd3 a4 15. Nxc5 bxc5 16. f4 exf4 17. gxf4 Ng4 18. Rae1 Bc8 19. h3 Nh6 20. f5 f6 21.
Nb1 Nf7 22. Nc3 Bd7 23. Rf2 Ne5 24. Bf1 Rfb8 25. Re3 Rb3 26. Rg3 Rab8 27. Qc1 Kh8 28. Rfg2 Qf7 29. Bd3 Bc8 30. Bf1 Ba6 31. Nb5 Bxb5 32.
Rxb3 axb3 33. cxb5 Nf3+ 34. Kh1 Qh5 35. Qc3 Qxh3+ 0-1

[Event "Late-Titled-Tuesday-Blitz-September-26-2023"]
[Site "Chess.com"]
[Date "2023.09.26"]
[Round "1"]
[White "ozates"]
[Black "tarno17"]
[Result "0-1"]
[WhiteElo "2542"]
[BlackElo "2166"]
[TimeControl "180+1"]
[EndTime "14:07:03 PDT"]
[Termination "tarno17 won by resignation"]

1. e4 c5 2. Nf3 e6 3. c3 d5 4. e5 d4 5. Bb5+ Bd7 6. Bxd7+ Qxd7 7. O-O d3 8. Re1 Nc6 9. c4 Nge7 10. Na3 Ng6 11. b3 Be7 12. Bb2 h5 13. Nb5 a6 14. Nc3 Nb4 15. Re4 h4 16. Ne1 h3 17. g3 Rd8 18. f4 Qc6 19. a3 Nc2 20. Nxc2 dxc2 21. Qxc2 Rd4 22. Rae1 O-O 23. R4e2 Rfd8 24.
Ne4 Rd3 25. Re3 Rxd2 26. Qc1 Rg2+ 27. Kh1 Rdd2 28. Qxd2 Rxd2 29. R1e2 Rxe2 30. Rxe2 f5 31. exf6 gxf6 32. Kg1 f5 33. Nd2 Kf7 34. Rf2 Bf6 35. Bxf6 Kxf6 36. Nf3 Qe4 37. Ng5 Qb1+ 38. Rf1 Qxb3 39.
Nxh3 Qxc4 40. Ng5 Qd4+ 41. Kg2 Qd2+ 42. Rf2 Qd1 43. Rf1 Qc2+ 44. Rf2 Qb3 45. Re2 Nf8 46. h4 c4 47. h5 c3 48. Nf3 c2 49. Nd4 Qd5+ 0-1

[Event "Late-Titled-Tuesday-Blitz-September-26-2023"]
[Site "Chess.com"]
[Date "2023.09.26"]
[Round "1"]
[White "Mariia89"]
[Black "Smiechu"]
[Result "0-1"]
[WhiteElo "2086"]
[BlackElo "2530"]
[TimeControl "180+1"]
[EndTime "14:07:03 PDT"]
[Termination "Smiechu won on time"]

1. d4 Nf6 2. Nf3 c5 3. d5 e6 4. c4 exd5 5. cxd5 d6 6. Nc3 g6 7. Bg5 Bg7 8. Qd2 O-O 9. e4 Re8 10. Be2 Bg4 11. O-O a6 12. a4 Nbd7 13. Rfe1 Qc7 14.
Qf4 Rab8 15. Bf1 Bxf3 16. Qxf3 Ne5 17. Qf4 Nh5 18. Qe3 Qd7 19. h3 f6 20. Bh6 Bh8 21. Bf4 Nxf4 22. Qxf4 f5 23. exf5 Qxf5 24. Qxf5 gxf5 25.
f4 Ng6 26. g3 Bd4+ 27. Kg2 Kf7 28. Bd3 Kf6 29. Rad1 h5 30. Rxe8 Rxe8 31. Kf3 h4 0-1

[Event "Late-Titled-Tuesday-Blitz-September-26-2023"]
[Site "Chess.com"]
[Date "2023.09.26"]
[Round "1"]
[White "Bilan_Danila"]
[Black "Gyulamiryan-koryun"]
[Result "1-0"]
[WhiteElo "2517"]
[BlackElo "2009"]
[TimeControl "180+1"]
[EndTime "14:07:07 PDT"]
[Termination "Bilan_Danila won on time"]

1. d4 Nf6 2. Nf3 g6 3. Bg5 Bg7 4. c3 O-O 5. Nbd2 c6 6. e4 d6 7. Bc4 Be6 8. Bxe6 fxe6 9. Qb3 Qd7 10. O-O h6 11. Bh4 g5 12. Bg3 Nh5 13. Rfe1 Nf4 14. a4 Na6 15. Nc4 Nc7 16. Ne3 Kh7 17. Qc2 Kh8 18.
Rad1 b5 19. h4 gxh4 20. Nxh4 Kg8 21. axb5 Nxb5 22. Ng4 Rf7 23. e5 d5 24. Bxf4 Rxf4 25. Qg6 Rxg4 26. Qxg4 Rf8 27. Rd3 Nc7 28. Rg3 Ne8 29.
Qh5 1-0

[Event "Late-Titled-Tuesday-Blitz-September-26-2023"]
[Site "Chess.com"]
[Date "2023.09.26"]
[Round "1"]
[White "Cipy77"]
[Black "iturrizaga"]
[Result "0-1"]
[WhiteElo "2497"]
[BlackElo "3007"]
[TimeControl "180+1"]
[EndTime "14:07:08 PDT"]
[Termination "iturrizaga won by resignation"]

1. e4 c5 2. Nf3 e6 3. d4 cxd4 4. Nxd4 a6 5. Nc3 b5 6. Bd3 Bb7 7. a4 b4 8. Nb1 Nf6 9. Nd2 Bc5 10. N4b3 Ba7 11. O-O O-O 12. e5 Nd5 13. Ne4 Nc6 14.
Bg5 Qc7 15. Nf6+ Nxf6 16. exf6 g6 17. Qg4 Ne5 18. Qh3 Qc6 19. Na5 Qd5 20. Nxb7 h5 21.
Be3 Nxd3 22. Bxa7 Nf4 23. Qf3 Qxf3 24. gxf3 Rxa7 25. Nd6 Rc7 26. Rfe1 Rxc2 27. Re4 Nh3+ 28. Kg2 Nxf2 29. Rc4 Rxb2 30. Kg3 Rd2 31. Nc8 a5 32. Rc5 Kh7 33. Ne7 Ra8 34. Rb5 Nd3 35. Rg1 Kh6 36.
Rb7 Nc5 37. Rc7 Nxa4 38. Rgc1 Nc3 39. h4 Ne2+ 40. Kh3 Nf4+ 41. Kg3 e5 42. R1c2 Rxc2 43. Rxc2 b3 44. Rb2 a4 45. Kf2 Nd3+ 0-1

[Event "Late-Titled-Tuesday-Blitz-September-26-2023"]
[Site "Chess.com"]
[Date "2023.09.26"]
[Round "1"]
[White "PapaieDudu"]
[Black "IlanSchnaider"]
[Result "0-1"]
[WhiteElo "2435"]
[BlackElo "2805"]
[TimeControl "180+1"]
[EndTime "14:07:08 PDT"]
[Termination "IlanSchnaider won by checkmate"]

1. e4 c5 2. Nf3 d6 3. d4 cxd4 4. Nxd4 Nf6 5. Nc3 a6 6. f3 e5 7. Nb3 Be7 8. Be3 Be6 9. Qd2 h5 10. O-O-O Nbd7 11. Kb1 Rc8 12. Nd5 Nxd5 13. exd5 Bf5 14.
Bd3 Bxd3 15. Qxd3 g6 16. f4 Bf6 17. f5 g5 18. Nd2 b5 19. Ne4 Be7 20. Qa3 a5 21.
Nxd6+ Kf8 22. Nb7 Qe8 23. d6 Bf6 24. Qxa5 Kg7 25. Qxb5 Rb8 26. Qc6 e4 27. Bd4 Bxd4 28.
Rxd4 Qe5 29. Rxe4 Qxf5 30. Rhe1 Rhc8 31. Qa6 Nf6 32. Rb4 Qxc2+ 33. Ka1 Qc1+ 34. Rxc1 Rxc1# 0-1

[Event "Late-Titled-Tuesday-Blitz-September-26-2023"]
[Site "Chess.com"]
[Date "2023.09.26"]
[Round "1"]
[White "sofaceindisguise"]
[Black "AsaHoffmann"]
[Result "1-0"]
[WhiteElo "2702"]
[BlackElo "2397"]
[TimeControl "180+1"]
[EndTime "14:07:08 PDT"]
[Termination "sofaceindisguise won on time"]

1. e4 d6 2. d4 Nf6 3. Nc3 c6 4. a4 Qa5 5. Bd3 e5 6. Ne2 Be7 7. O-O O-O 8. Kh1 Re8 9. f4 Bg4 10. h3 exd4 11. hxg4 dxc3 12. g5 cxb2 13. Bxb2 Nfd7 14.
Nd4 Bf8 15. Nf5 Nc5 16. Qf3 Nxd3 17. cxd3 Nd7 18. Qh5 Qd8 19. Rf3 Re6 20. Rh3 h6 21.
gxh6 Nf6 22. h7+ Kh8 23. Qxf7 Qe8 24. Qc7 Qc8 25. Qa5 d5 26. Bxf6 Rxf6 27. Rb1 b6 28.
Qc3 Rxf5 29. exf5 Qxf5 30. Qxc6 Rc8 31. Qb7 Re8 32. Qxa7 Bd6 33. Qxb6 Qxf4 34. Qg1 Re6 35. Rf1 Qe5 36. Qb6 Re8 37. a5 Qe2 38. Rg1 Qg4 39.
Qxd6 1-0

[Event "Late-Titled-Tuesday-Blitz-September-26-2023"]
[Site "Chess.com"]
[Date "2023.09.26"]
[Round "1"]
[White "RichardLeyvaP"]
[Black "diamonds13"]
[Result "1-0"]
[WhiteElo "2620"]
[BlackElo "2314"]
[TimeControl "180+1"]
[EndTime "14:07:08 PDT"]
[Termination "RichardLeyvaP won on time"]

1. e4 c5 2. Nf3 e6 3. d4 cxd4 4. Nxd4 Nf6 5. Nc3 Nc6 6. Ndb5 Bb4 7. a3 Bxc3+ 8. Nxc3 d5 9. exd5 exd5 10. Bd3 d4 11.
Ne2 O-O 12. O-O Bg4 13. f3 Bh5 14. Nf4 Bg6 15. Nxg6 hxg6 16. f4 Qd5 17. f5 Ne5 18. fxg6 fxg6 19. Bf4 Nfg4 20. Qd2 Rxf4 21. Qxf4 Ne3 22.
Rf2 N5g4 23. Re2 Rf8 24. Qg3 Qf7 25. Ree1 Qd5 26. b3 Rf2 27. Rxe3 dxe3 28. Bc4 Qxc4 29.
bxc4 Nf6 30. Qxe3 1-0

[Event "Late-Titled-Tuesday-Blitz-September-26-2023"]
[Site "Chess.com"]
[Date "2023.09.26"]
[Round "1"]
[White "pedromartinez91"]
[Black "jjbolanos"]
[Result "1-0"]
[WhiteElo "2538"]
[BlackElo "2109"]
[TimeControl "180+1"]
[EndTime "14:07:08 PDT"]
[Termination "pedromartinez91 won on time"]

1. e4 c5 2. Nf3 e6 3. d4 cxd4 4. Nxd4 a6 5. g3 d5 6. Bg2 dxe4 7. Bxe4 Nf6 8. Bg2 Be7 9. O-O O-O 10. c4 Qc7 11. Qe2 Bd7 12. Bf4 Qc8 13. Nf5 exf5 14. Qxe7 Qxc4 15. Bxb7 Ra7 16. Bg2 Re8 17. Qd6 Nc6 18. Rc1 Qe6 19. Na3 Qxd6 20. Bxd6 Ne4 21. Bf4 Rb7 22. Nc4 g5 23. Bxe4 gxf4 24. Bxc6 Bxc6 25.
Nd6 Re6 26. Rxc6 Rd7 27. Rc8+ Kg7 28. Nxf5+ Kf6 29. Nh4 fxg3 30. fxg3 Re2 31. Rf1+ Ke7 32. Nf5+ Ke6 33. Rc6+ Kd5 34. Rc3 Ke4 35. Rf4+ Ke5 36.
Rc5+ Ke6 37. Nd4+ Rxd4 38. Rxd4 Rxb2 39. Ra5 1-0

[Event "Late-Titled-Tuesday-Blitz-September-26-2023"]
[Site "Chess.com"]
[Date "2023.09.26"]
[Round "1"]
[White "ChessSwole"]
[Black "Kombinator01"]
[Result "1-0"]
[WhiteElo "2717"]
[BlackElo "2405"]
[TimeControl "180+1"]
[EndTime "14:07:11 PDT"]
[Termination "ChessSwole won by resignation"]

1. d4 Nf6 2. c4 g6 3. Nc3 d5 4. Nf3 Bg7 5. Qa4+ Nc6 6. cxd5 Nxd5 7. e4 Nxc3 8. bxc3 O-O 9. h3 a6 10. Be2 Bd7 11. Qa3 b5 12. O-O Re8 13. Bg5 h6 14. Bh4 b4 15. Qb2 bxc3 16. Qxc3 Qc8 17. Rac1 e5 18. dxe5 Nxe5 19. Qxc7 Qxc7 20. Rxc7 Be6 21. a4 a5 22. Nd4 g5 23. Bg3 Ng6 24. Nxe6 Rxe6 25.
Bc4 Re7 26. Rxe7 Nxe7 27. Rb1 Rc8 28. Ba2 Rc2 29. Rb8+ Bf8 30. Bd6 Kg7 31. Bb3 Rc1+ 32. Kh2 Ng6 33. Bxf8+ Nxf8 34. Rb7 Rc3 35. Bxf7 Kf6 36.
Bd5 Ke5 37. Rb5 Kd4 38. Rxa5 Ng6 39. Ra6 Nf4 40. Rxh6 Rc2 41. Kg3 Rc3+ 42. Kg4 Nxg2 43. Kxg5 Ne1 44. f4 Nf3+ 45. Kf6 Ra3 46. Bc6 Kc5 47.
Kf7 Nd4 48. Bb5 Re3 49. e5 Rf3 50. Rf6 Rxh3 51. e6 Rh7+ 52. Kg8 Rh4 53. e7 Rg4+ 54.
Kf8 1-0

[Event "Late-Titled-Tuesday-Blitz-September-26-2023"]
[Site "Chess.com"]
[Date "2023.09.26"]
[Round "1"]
[White "Dubs123"]
[Black "Mesa_1"]
[Result "1/2-1/2"]
[WhiteElo "2360"]
[BlackElo "2648"]
[TimeControl "180+1"]
[EndTime "14:07:11 PDT"]
[Termination "Game drawn by repetition"]

1. d4 Nf6 2. c4 g6 3. Nc3 Bg7 4. e4 d6 5. f4 O-O 6. Nf3 e5 7. fxe5 dxe5 8. d5 c6 9. Be2 Na6 10. O-O Nc5 11. Qc2 a5 12. Be3 Qd6 13. Rad1 cxd5 14.
Nb5 Qe7 15. exd5 Bf5 16. Qc1 Rac8 17. d6 Qd8 18. Nxe5 Re8 19. Bd4 Nfe4 20. d7 Nxd7 21. Rxf5 Nxe5 22. Rxe5 Bxe5 23. Bxe5 Qh4 24. Bf3 Rxe5 25.
Bxe4 Qxe4 26. Nd6 Qg4 27. h3 Qe6 28. Nxc8 Qxc8 29. Qf4 Qe8 30. Qf6 Re1+ 31. Rxe1 Qxe1+ 32. Kh2 Qe2 33. Qd8+ Kg7 34. Qd4+ Kg8 35. Qd8+ Kg7 36.
Qd4+ Kh6 37. Qf4+ Kg7 38. Qd4+ 1/2-1/2

[Event "Late-Titled-Tuesday-Blitz-September-26-2023"]
[Site "Chess.com"]
[Date "2023.09.26"]
[Round "1"]
[White "ejalmedina"]
[Black "jaskol95"]
[Result "0-1"]
[WhiteElo "2318"]
[BlackElo "2625"]
[TimeControl "180+1"]
[EndTime "14:07:11 PDT"]
[Termination "jaskol95 won by resignation"]

1. d4 d5 2. c4 e5 3. dxe5 d4 4.
Nf3 Nc6 5. a3 a5 6. g3 Nge7 7. Bg5 h6 8. Bxe7 Bxe7 9. Bg2 O-O 10. O-O Bc5 11. Nbd2 Re8 12. Nb3 Ba7 13. c5 Nxe5 14. Nxe5 Rxe5 15. Qxd4 Qxd4 16. Nxd4 Bxc5 17. Rfd1 c6 18. e3 Bg4 19. Bf3 Bh3 20. Rac1 Rd8 21. Ne2 Rxd1+ 22. Rxd1 Re8 23. Nf4 Bf5 24. h4 Be7 25.
Kg2 Rd8 26. Rxd8+ Bxd8 27. b4 axb4 28. axb4 Bc8 29. Nd3 Kf8 30. Nc5 Be7 31. Be4 Ke8 32. f4 Kd8 33. Kf3 Kc7 34. Nd3 f5 35. Nc5 Bxc5 36.
bxc5 fxe4+ 37. Kxe4 b6 38. cxb6+ Kxb6 39. Kd4 c5+ 40. Kc3 Kc6 41. e4 Kd6 42. Kc4 Ba6+ 43. Kc3 Bb7 44. e5+ Kd5 45. g4 Bc8 46. g5 h5 47. Kd3 Bf5+ 48. Kc3 Ke4 49. Kc4 Kxf4 50. Kxc5 Kxe5 51. Kc6 g6 0-1

[Event "Late-Titled-Tuesday-Blitz-September-26-2023"]
[Site "Chess.com"]
[Date "2023.09.26"]
[Round "1"]
[White "laskakid"]
[Black "SRob2003"]
[Result "1-0"]
[WhiteElo "2327"]
[BlackElo "2601"]
[TimeControl "180+1"]
[EndTime "14:07:11 PDT"]
[Termination "laskakid won on time"]

1. d4 Nf6 2. c4 e6 3. Nf3 d5 4.
g3 Bb4+ 5. Bd2 Be7 6. Bg2 O-O 7.
O-O Nbd7 8. Bc3 c6 9. Nbd2 b5 10. b3 Ba3 11. b4 a5 12. bxa5 dxc4 13. Nb1 Bd6 14. Nfd2 Nd5 15. a4 Ba6 16. axb5 cxb5 17.
Ne4 Bc7 18. Nc5 Nxc5 19. dxc5 b4 20. e4 Nxc3 21. Nxc3 bxc3 22. Qc1 Qd2 23. Rd1 Qxc1 24. Raxc1 Bxa5 25. e5 Rac8 26. Ra1 Rxc5 27. Ra2 c2 28. Rc1 c3 29. Rcxc2 Bd3 30. Rc1 c2 31. Bf3 Bd2 32. Rca1 c1=Q+ 33. Rxc1 Bxc1 34. Ra7 1-0

[Event "Late-Titled-Tuesday-Blitz-September-26-2023"]
[Site "Chess.com"]
[Date "2023.09.26"]
[Round "1"]
[White "Korchmar_Vasiliy"]
[Black "picturesquecheck"]
[Result "1-0"]
[WhiteElo "2670"]
[BlackElo "2373"]
[TimeControl "180+1"]
[EndTime "14:07:15 PDT"]
[Termination "Korchmar_Vasiliy won on time"]

1. e4 c5 2. d4 cxd4 3. Qxd4 Nc6 4. Qd3 Nf6 5. Nc3 d6 6. Nf3 Bg4 7. Bg5 Nd7 8. O-O-O h6 9. Bh4 g5 10. Bg3 Bg7 11.
h4 Qa5 12. Kb1 a6 13. hxg5 Nb4 14. Qc4 Nb6 15. Qb3 Be6 16. Qa3 Qxa3 17. bxa3 Bxc3 18. axb4 Bxb4 19. Rxh6 Rg8 20. Nd4 Bg4 21. f3 Bd7 22. e5 Na4 23. Rd3 d5 24. e6 fxe6 25. Nxe6 Bxe6 26.
Rxe6 Kf7 27. Re5 e6 28. Rb3 a5 29. Bd3 Nc5 30. g6+ Ke7 31. Rh5 Nxb3 32. axb3 Kd8 33.
Rh7 Be7 34. Bb5 Rc8 35. Be5 1-0

[Event "Late-Titled-Tuesday-Blitz-September-26-2023"]
[Site "Chess.com"]
[Date "2023.09.26"]
[Round "1"]
[White "dretch"]
[Black "Schattman"]
[Result "1-0"]
[WhiteElo "2846"]
[BlackElo "2450"]
[TimeControl "180+1"]
[EndTime "14:07:16 PDT"]
[Termination "dretch won by checkmate"]

1. d4 Nf6 2. c4 g6 3. Nc3 d5 4.
e3 Bg7 5. Qb3 e6 6. Qa3 Bf8 7.
Qa4+ c6 8. Nf3 Nbd7 9. Be2 Nb6 10. Qb3 Nxc4 11. Bxc4 dxc4 12. Qxc4 Be7 13. e4 O-O 14.
Bh6 Re8 15. O-O b5 16. Qe2 a5 17. Rfd1 b4 18. Na4 Ba6 19. Qc2 Rc8 20. Nc5 Qb6 21. Bg5 Rcd8 22. Ne5 Bc8 23. Rac1 Nh5 24. Bxe7 Rxe7 25. Na4 Qb5 26. Qc5 Ree8 27. Qxc6 Qxc6 28.
Nxc6 Nf4 29. Rc2 Rd7 30. g3 Nh5 31. Nb6 Rc7 32. d5 exd5 33. Nxd5 Rb7 34. Nce7+ Rexe7 35.
Nxe7+ Rxe7 36. Rxc8+ Kg7 37. f3 Nf6 38. Rdd8 Nh5 39.
Kf2 g5 40. Rg8+ Kh6 41. Rc6+ f6 42. h4 Ng7 43. Rxf6+ Kh5 44. g4+ Kxh4 45. Rh6+ Nh5 46. Rxh5# 1-0

[Event "Late-Titled-Tuesday-Blitz-September-26-2023"]
[Site "Chess.com"]
[Date "2023.09.26"]
[Round "1"]
[White "Flawless_Fighter"]
[Black "2346PL"]
[Result "1-0"]
[WhiteElo "2798"]
[BlackElo "2432"]
[TimeControl "180+1"]
[EndTime "14:07:16 PDT"]
[Termination "Flawless_Fighter won by resignation"]

1. e4 d6 2. d4 Nf6 3. Bd3 e5 4.
dxe5 dxe5 5. Nf3 Nc6 6. O-O Be7 7. h3 O-O 8. Qe2 h6 9. Rd1 Be6 10. c3 a6 11. Nbd2 Qc8 12. Nc4 Bd6 13. Nxd6 cxd6 14.
Be3 Rd8 15. c4 Qc7 16. b3 Ne7 17. Nd2 Ng6 18. Rac1 Nf4 19. Qf1 g5 20. Nb1 Qc6 21. Nc3 Rac8 22. Nd5 Bxd5 23. exd5 Qd7 24. Bb1 Kg7 25.
Kh2 h5 26. g3 Ng6 27. Bxg5 h4 28. g4 Re8 29. Bf5 Qc7 30. Bxc8 Qxc8 31. Qd3 e4 32. Qd4 Ne5 33. Bxf6+ Kxf6 34. Qxe4 Kg7 35. Re1 Rf8 36. f4 Nd7 37. Qe7 Qc5 38. Qe3 Qa3 39. Rc2 Qb4 40.
Qc3+ Qxc3 41. Rxc3 Kf6 42. Rce3 Rc8 43. Re7 Nc5 44.
R7e3 b5 45. cxb5 axb5 46. Rc1 Ra8 47. Rc2 b4 48. Kg2 Ra5 49. Kf3 Nd7 50. Rd3 Ke7 51. g5 Nb6 52. Re2+ Kd7 53. Red2 Nc8 54. Kg4 Ne7 55.
Kxh4 Ra8 56. Kg4 Rh8 57. h4 f5+ 58. Kg3 Ng6 59. Rh2 Re8 60. h5 Nf8 61. h6 Ng6 62. h7 Nh8 63. Rh6 Re1 64. Kf2 Ra1 65. Rd2 1-0

[Event "Late-Titled-Tuesday-Blitz-September-26-2023"]
[Site "Chess.com"]
[Date "2023.09.26"]
[Round "1"]
[White "glebus008"]
[Black "nOcHeaTiNgKiD"]
[Result "0-1"]
[WhiteElo "2277"]
[BlackElo "2607"]
[TimeControl "180+1"]
[EndTime "14:07:16 PDT"]
[Termination "nOcHeaTiNgKiD won by checkmate"]

1. Nf3 d5 2. c4 c6 3. e3 Nf6 4.
Nc3 a6 5. Qc2 g6 6. d4 Bg7 7. Bd3 O-O 8. h3 e6 9. O-O b5 10. b3 Bb7 11. c5 Nbd7 12. Bd2 a5 13.
a3 Qc7 14. b4 Rfe8 15. e4 dxe4 16. Nxe4 Nxe4 17. Bxe4 Nf6 18. Ne5 Nxe4 19. Qxe4 f6 20. Nf3 e5 21. dxe5 fxe5 22. bxa5 Bc8 23. g4 Be6 24.
Ng5 Bd5 25. Qc2 e4 26. Rac1 h6 27. Bc3 hxg5 28. Bxg7 Qxg7 29. Rfe1 Rxa5 30. Qd2 Rxa3 31. Qxg5 Rxh3 32. Re3 Rxe3 33. fxe3 Rf8 34. Kg2 Qf6 35. Qxf6 Rxf6 36. Ra1 b4 37. Ra8+ Rf8 38. Rb8 Rxb8 39. Kg3 b3 40. Kf4 b2 41. Ke5 b1=Q 42. Kd6 Qb2 43. Kc7 Qe5+ 44. Kd7 Rb7+ 45. Kd8 Qe7+ 46.
Kc8 Qc7# 0-1